 Seeded DCSS version 0.29.1-15-g9cfb28693d (webtiles) character file.

Game seed: 11851575853161599096 (custom seed)

104 Sanktem7 the Shield-Bearer (level 4, -5/40 HPs)
             Began as a Minotaur Fighter on Mar 14, 2023.
             Slain by an iron imp (6 damage)
             ... summoned by Natasha
             ... on level 3 of the Dungeon.
             The game lasted 00:04:05 (1656 turns).

Sanktem7 the Shield-Bearer (Minotaur Fighter)       Turns: 1656, Time: 00:04:06

Health: -5/40      AC:  7    Str: 23    XL:     4   Next: 52%
Magic:  3/3        EV:  9    Int:  5    God:
Gold:   122        SH:  0    Dex:  9    Spells: 3/3 levels left

rFire   . . .      SeeInvis .   a - +0 war axe {axe}
rCold   . . .      Faith    .   c - +0 buckler
rNeg    . . .      Spirit   .   b - +0 scale mail
rPois   .          Reflect  .   (helmet restricted)
rElec   .          Harm     .   (no cloak)
rCorr   .          Rampage  .   (no gloves)
Will    .....                   (no boots)
Stlth   ..........              (no amulet)
HPRegen 0.13/turn               (no ring)
MPRegen 0.08/turn               (no ring)

@: confused
A: horns 2, retaliatory headbutt
a: no special abilities


You were on level 3 of the Dungeon.
You visited 1 branch of the dungeon, and saw 3 of its levels.

You collected 122 gold pieces.


Innate Abilities, Weirdness & Mutations

You have a pair of horns on your head.
You reflexively headbutt those who attack you in melee.


   Skills:
 + Level 4.3 Fighting
 * Level 4.1 Axes
 + Level 4.3 Armour
 + Level 4.4 Shields


You had 3 spell levels left.
You didn't know any spells.
Your spell library contained the following spells:

 Spells                   Type           Power      Damage    Failure   Level
 Iskenderun's Battlesphe  Conj           0%         2d6       100%        5
 Iron Shot                Conj/Erth      0%         9d1       100%        6
 Spellforged Servitor     Conj/Summ      0%         N/A       100%        7

Inventory:

Hand Weapons
 a - a +0 war axe (weapon) {axe}
Missiles
 j - 13 stones (quivered) {throwing}
 r - 2 boomerangs {throwing}
Armour
 b - a +0 scale mail (worn)
 c - a +0 buckler (worn)
 u - the +15 Maxwell's patent armour {-Cast -Tele rElec Will+ rCorr}
   (You found it on level 3 of the Dungeon)

   rElec:     It insulates you from electricity.
   -Cast:     It prevents spellcasting.
   -Tele:     It prevents most forms of teleportation.
   rCorr:     It protects you from acid and corrosion.
   Will:      It increases your willpower.
Magical Staves
 p - a staff of poison {!astaff}
   (You found it on level 2 of the Dungeon)
Jewellery
 h - a +4 ring of slaying
   (You found it on level 1 of the Dungeon)
 o - a +4 ring of evasion
   (You found it on level 2 of the Dungeon)
Scrolls
 f - a scroll of enchant armour {unknown}
 g - a scroll of enchant weapon {unknown}
 i - a scroll of blinking {unknown}
 k - 3 scrolls of teleportation {unknown}
 l - a scroll of poison {unknown}
 m - a scroll of noise {unknown}
 t - a scroll of identify {unknown}
Potions
 d - a potion of might
 e - 3 potions of mutation {unknown}
 n - a potion of brilliance {unknown}
 q - 2 potions of haste {unknown}
 s - a potion of curing {unknown}

Dungeon Overview and Level Annotations

Branches:
Dungeon (3/15) Zot: 16301

Altars:

Annotations:
D:3 Natasha

##############
#............#
#............#
#............#
####............#
...............5########
####............@#.....#
###....###......h#.###.#
.......# ###...#.#.#...#
###....###....<#.#.#.#.#
...............>.#...#.#
###....###.#.#...#.###.#
#....# #.#.......)...#
##....# #.####.##.###.#
#.....###.........# #.#


You could see an iron imp (summoned) and Natasha.


Message History

You take 1 damage, and now have 35/40 hp.
There are monsters nearby!
You slash the orc!
You kill the orc!
An orc comes into view. It is wielding a +0 club.
The orc shouts!
The orc closely misses you.
Items here: )) [[ †.
You hit the orc but do no damage. Your headbutt misses the orc.
The orc barely misses you. 😕 HP[+1]
You closely miss the orc. You headbutt the orc.
The orc hits you with a +0 club. 😕 HP[-2]
You take 2 damage, and now have 34/40 hp.
You barely miss the orc. The orc hits you but does no damage.
The orc misses you.
You closely miss the orc. Your headbutt misses the orc.
The orc hits you but does no damage.
You slash the orc!
You kill the orc!
You slash the orc!
You kill the orc!
No target in view!
No target in view!
No target in view!
No target in view!
k - 3 scrolls labelled XAYJEQ FEUP (gained 1)
Found a stone staircase leading up.
Natasha, Servant of Life and Death comes into view.
Natasha hisses angrily. 😎 HP[+6]
Your hp is fully restored (40).
You slash Natasha!
Natasha mumbles some strange words.
Natasha claws you but does no damage.
You closely miss Natasha.
Natasha mumbles some strange words.
You barely miss Natasha. You headbutt Natasha.
You kill Natasha!
Natasha screams in fury as she dies!
The white imp disappears in a puff of smoke!
The iron imp disappears in a puff of smoke!
Your Axes skill increases to level 4!
No target in view!
No target in view!
No target in view!
No target in view!
No target in view!
No target in view!
No target in view!
No target in view!
No target in view!
No target in view!
No target in view!
Unknown command.
You now have 122 gold pieces (gained 16).
Found a stone staircase leading down.
Found a stone staircase leading up.
You see here a +0 dagger {short}.
There is a stone staircase leading down here.
u - the +15 Maxwell's patent armour {-Cast -Tele rElec Will+ rCorr} Natasha, Servant of Life and Death comes into view.
She is carrying a wand of light (9).
Natasha hisses angrily.
Natasha casts a spell at you. You resist with some effort.
Natasha zaps a wand.
The bolt of light hits you!!
You are confused. 😮 HP[-19]
You take 19 damage, and now have 21/40 hp.
MASSIVE DAMAGE!! (PAUSE) Natasha zaps a wand.
The bolt of light misses you.
You feel less confused.
You closely miss Natasha. Natasha claws you but does no damage.
You hit Natasha. You headbutt Natasha.
Natasha stares at you and mumbles some strange words.
The magic dart hits you.
* * * LOW HITPOINT WARNING * * *
Natasha casts a spell. 😨 HP[-2]
You take 2 damage, and now have 19/40 hp.
You barely miss Natasha. Your headbutt misses Natasha. You hit the iron imp.
Natasha growls.
Natasha barely misses you. The iron imp closely misses you.
You miss Natasha. You barely miss the iron imp. You block Natasha's attack.
The iron imp misses you. You furiously retaliate!
You headbutt the iron imp.
Natasha stares at you and mumbles some strange words.
The magic dart hits you.
* * * LOW HITPOINT WARNING * * *
😨 HP[-5]
You take 5 damage, and now have 14/40 hp.
You barely miss Natasha. You hit the iron imp but do no damage.
Natasha zaps a wand.
The bolt of light hits you!
You are confused.
* * * LOW HITPOINT WARNING * * *
The iron imp hits you.
You die...

Skill      XL: |  1  2  3  4 |
---------------+-------------+-----
Axes           | 3 4 |  4.1
Shields        | 4 |  4.4
Armour         | 4 |  4.3
Fighting       | 4 |  4.3

Action                   |  1- 3 |  4- 6 || total
-------------------------+-------+-------++-------
Melee: War axe           |    86 |    22 ||   108
       Headbutt          |    10 |     3 ||    13
Armor: Scale mail        |    42 |     6 ||    48
Dodge: Dodged            |    48 |    10 ||    58
Block: Buckler           |    27 |     2 ||    29

Levels and vault maps discovered:
D:1:      lightli_iron_boxes, layout_basic
D:2:      layout_rooms, shapermc_ecumenical_altar_flowoftime
D:3:      layout_basic, uniq_natasha

Notes
Turn   | Place    | Note
-------+----------+-------------------------------------------
     0 | D:1      | Sanktem7 the Minotaur Fighter began the quest for the Orb.
     0 | D:1      | Reached XP level 1. HP: 19/19 MP: 0/0
     0 | D:1      | magus.rc [v1.9.6]
    64 | D:1      | Reached XP level 2. HP: 25/27 MP: 1/1
    71 | D:1      | Reached skill level 3 in Axes
   284 | D:1      | Reached skill level 4 in Shields
   342 | D:1      | Reached skill level 4 in Armour
   342 | D:1      | Reached XP level 3. HP: 30/33 MP: 2/2
   378 | D:1      | Reached skill level 4 in Fighting
   441 | D:1      | You fall into a shaft and drop 1 floor!
   652 | D:2      | Found a faded altar of an unknown god.
  1319 | D:1      | You pick up a book of Power and begin reading...
  1319 | D:1      | You add the spells Iskenderun's Battlesphere, Iron Shot and
                  | Spellforged Servitor to your library.
  1500 | D:3      | Reached XP level 4. HP: 37/40 MP: 3/3
  1568 | D:3      | Noticed Natasha
  1573 | D:3      | Killed Natasha
  1574 | D:3      | Reached skill level 4 in Axes
  1630 | D:3      | Found the +15 Maxwell's patent armour {-Cast -Tele rElec
                  | Will+ rCorr}
  1646 | D:3      | Noticed Natasha
  1656 | D:3      | HP: 1/40 [Natasha/bolt of light (13)]
  1656 | D:3      | Slain by an iron imp

Vanquished Creatures
  Natasha (D:3)
  A gnoll (D:1)
  3 dart slugs
  4 orcs (D:3)
  5 ball pythons
  7 bats
  4 endoplasms
  4 giant cockroaches
  5 goblins
  4 hobgoblins
  7 jackals
  3 kobolds
  2 quokkas
  A frilled lizard (D:2)
51 creatures vanquished.

Table legend:
 A = Non-vault XP
 B = Vault XP
 C = Vault XP percentage of total XP
 D = Non-vault monster count
 E = Vault monster count
 F = Vault count percentage of total count
                 A         B        C        D         E       F
            +---------+---------+-------+---------+---------+-------
      Total |     114 |      35 |  23.5 |      50 |       1 |   2.0
            +---------+---------+-------+---------+---------+-------
        D:1 |      64 |       0 |   0.0 |      26 |       0 |   0.0
        D:2 |      32 |       0 |   0.0 |      17 |       0 |   0.0
        D:3 |      18 |      35 |  66.0 |       7 |       1 |  12.5
            +---------+---------+-------+---------+---------+-------

Illustrated notes

Table legend:
 A = Kills in this place as a percentage of kills in entire the game.
 B = Kills by you in this place as a percentage of kills by you in the entire game.
 C = Kills by friends in this place as a percentage of kills by friends in the entire game.
 D = Other kills in this place as a percentage of other kills in the entire game.
 E = Experience gained in this place as a percentage of experience gained in the entire game.
 F = Experience gained in this place divided by the number of levels of this place that you have seen.
                   A       B       C       D       E      F
               +-------+-------+-------+-------+-------+----------------------
         Total | 100.0 | 100.0 |   N/A |   N/A | 100.0 |  49.7
       Dungeon | 100.0 | 100.0 |   N/A |   N/A | 100.0 |  49.7
               +-------+-------+-------+-------+-------+----------------------

Table legend: (Time is in decaauts)
 A = Elapsed time spent in this place.
 B = Non-inter-level travel time spent in this place.
 C = Inter-level travel time spent in this place.
 D = Time resting spent in this place.
 E = Time spent auto-exploring this place.
 F = Levels seen in this place.
 G = Mean time per level.
                   A        B        C        D        E       F      G
               +--------+--------+--------+--------+--------+-----+--------+
         Total |   1696 |   1603 |     93 |      0 |   1320 |   3 |  565.3 |
       Dungeon |   1696 |   1603 |     93 |      0 |   1320 |   3 |  565.3 |
               +--------+--------+--------+--------+--------+-----+--------+

Top non-repeatable levels by time:
     D:2: 803 daAuts
     D:1: 721 daAuts
     D:3: 171 daAuts
